 Dungeon Crawl Stone Soup version 0.20.0-4-g10b340a (webtiles) character file.

185 tv1990 the Chopper (level 5, -1/47 HPs)
             Began as a Minotaur Berserker on May 27, 2017.
             Was a Priest of Trog.
             Slain by Sigmund
             ... wielding a +5 scythe of protection
              (3 damage)
             ... on level 3 of the Dungeon.
             The game lasted 00:07:06 (1671 turns).

tv1990 the Chopper (Minotaur Berserker)             Turns: 1671, Time: 00:07:07

Health: -1/47      AC:  6    Str: 22    XL:     5   Next: 37%
Magic:  4/4        EV: 13    Int:  4    God:    Trog [***...]
Gold:   100        SH:  0    Dex: 10    Spells: 4/4 levels left

rFire    . . .     SeeInvis .   a - +0 hand axe
rCold    . . .     Gourm    .   (no shield)
rNeg     . . .     Faith    .   h - +0 ring mail
rPois    +         Spirit   .   (helmet restricted)
rElec    .         Reflect  .   (no cloak)
rCorr    .         Harm     .   t - +0 pair of gloves
MR       ++...                  (no boots)
Stlth    ..........             (no amulet)
Regen    1.2/turn               f - +2 ring of evasion
MPRegen  0.1/turn               w - ring of poison resistance

@: berserk cooldown, regenerating, slowed, very slow
A: retaliatory headbutt, horns 2
a: Berserk, Trog's Hand, Burn Spellbooks, Renounce Religion


You were on level 3 of the Dungeon.
You worshipped Trog.
Trog was most pleased with you.
You were near starving.

You visited 1 branch of the dungeon, and saw 3 of its levels.

You collected 100 gold pieces.

Inventory:

Hand Weapons
 a - a +0 hand axe (weapon)
 p - a +0 morningstar of protection
Armour
 b - a +0 animal skin
 h - a +0 ring mail (worn)
 t - a +0 pair of gloves (worn)
Jewellery
 f - a +2 ring of evasion (left hand)
 w - a ring of poison resistance (right hand)
Scrolls
 e - 2 scrolls of remove curse
 i - 6 scrolls of identify
 k - a scroll of amnesia {unknown}
 l - a scroll of teleportation
 o - a scroll of noise {unknown}
 q - 2 scrolls of magic mapping
 v - a scroll of fear {unknown}
Potions
 g - a potion of brilliance
 j - a potion of heal wounds {unknown}
 m - 2 potions of ambrosia {unknown}
 r - a potion of curing {unknown}
 s - a potion of agility {unknown}
 u - a potion of berserk rage {unknown}
Comestibles
 c - 2 bread rations
 d - 13 chunks of flesh
 n - 2 royal jellies


   Skills:
 + Level 4.5 Fighting
 * Level 6.2 Axes
 + Level 3.6 Armour
 - Level 2.1 Dodging


You had 4 spell levels left.
You didn't know any spells.

Dungeon Overview and Level Annotations

Branches:
Dungeon (3/15)

Altars:
Makhleb
Xom
The Shining One

Annotations:
D:3 Sigmund


Innate Abilities, Weirdness & Mutations

You reflexively headbutt those who attack you in melee.
You have a pair of horns on your head.


Message History

You hit something but do no damage.
You hear some strange, mumbled words.
A magic dart appears from out of thin air!
The magic dart hits you!
* * * LOW HITPOINT WARNING * * *
Something hits you!
* * * LOW HITPOINT WARNING * * *
Okay, then.
Your skin crawls.
You feel resistant to hostile enchantments.
You are near starving!
Something hits you.
* * * LOW HITPOINT WARNING * * *
You miss something. Your headbutt misses something.
Something hits you but does no damage.
You completely miss something. Something hits you!
* * * LOW HITPOINT WARNING * * *
You hit something but do no damage. Your headbutt misses something.
Something hits you.
You die...

........#
.......#
......# .....
...# #..#
#..### #{)..#
#@##..# #..#
..# ##.# ..%
#.# #. #.#
#.## #..### #
##...#### .##
###....##...#


There were no monsters in sight!

Vanquished Creatures
  A hound (D:2)
  An orc wizard (D:3)
  A gnoll (D:1)
  3 adders (D:2)
  An ooze (D:2)
  5 dart slugs
  A leopard gecko (D:2)
  5 orcs (D:3)
  9 bats
  5 giant cockroaches
  9 goblins
  6 hobgoblins
  4 jackals (D:3)
  A quokka (D:3)
  A ball python (D:2)
  8 frilled lizards
  5 kobolds
  7 rats
73 creatures vanquished.

Notes
Turn   | Place    | Note
-------+----------+-------------------------------------------
     0 | D:1      | tv1990 the Minotaur Berserker began the quest for the Orb.
     0 | D:1      | Reached XP level 1. HP: 19/19 MP: 0/0
    87 | D:1      | Reached skill level 4 in Axes
   112 | D:1      | Reached XP level 2. HP: 22/27 MP: 1/1
   181 | D:1      | Reached XP level 3. HP: 33/33 MP: 2/2
   342 | D:1      | Reached ** piety under Trog
   588 | D:2      | Reached skill level 5 in Axes
   685 | D:2      | Reached XP level 4. HP: 35/40 MP: 3/3
   891 | D:2      | Found a glowing golden altar of the Shining One.
  1014 | D:2      | Found a burning altar of Makhleb.
  1512 | D:3      | Found a shimmering altar of Xom.
  1538 | D:3      | Reached XP level 5. HP: 47/47 MP: 4/4
  1635 | D:3      | Noticed Sigmund
  1643 | D:3      | Reached skill level 6 in Axes
  1646 | D:3      | Reached *** piety under Trog
  1670 | D:3      | HP: 1/47 [something (9)]
  1671 | D:3      | Slain by Sigmund

Skill      XL: |  1  2  3  4  5 |
---------------+----------------+-----
Axes           | 4 5 6 |  6.2
Fighting       | 4 |  4.5
Armour         | 3 |  3.6
Dodging        | |  2.1

Action                   |  1- 3 |  4- 6 || total
-------------------------+-------+-------++-------
Melee: Hand axe          |    70 |    86 ||   156
       Headbutt          |    10 |    12 ||    22
Invok: Berserk           |     1 |     1 ||     2
       Burn Spellbooks   |       |     1 ||     1
       Trog's Hand       |       |     1 ||     1
  Use: Scroll            |     5 |       ||     5
  Eat: Chunk             |       |     3 ||     3
Armor: Animal skin       |     3 |       ||     3
       Ring mail         |    13 |    25 ||    38
Dodge: Dodged            |    52 |    48 ||   100

Vault maps used:
D:1:      dpeg_arrival_chase
D:2:      makhleb_blood_cavern_becter, nicolae_tso_swordbearing_angel
D:3:      xom_butterflies, first_bread, uniq_sigmund
